[Event "GER-ch Youth-U16 2022"]
[Site "Willingen"]
[Date "2022.06.08"]
[Round "5.16"]
[White "Hecht, Jonas Christian"]
[Black "Ehrig, Leon Chris"]
[Result "1/2-1/2"]
[ECO "B33"]
[WhiteElo "1884"]
[BlackElo "1890"]
[Annotator "NA RC COMBH"]
[PlyCount "41"]
[EventDate "2022.06.05"]
[EventType "swiss"]
[EventRounds "9"]
[EventCountry "GER"]
[SourceTitle "playchess.com"]
[Source "ChessBase"]
[SourceQuality "1"]
[TimeControl "40/4500+30:900+30"]

1. e4 c5 2. Nf3 e6 3. d4 cxd4 4. Nxd4 Nf6 5. Nc3 Nc6 6. Ndb5 d6 7. Bf4 e5 8. Bg5 a6 9. Na3 Be6 10. Nc4 Rb8 {[%emt 0:00:00] now scores much better than the old 10...Rc8.} 11. Nd5 Bxd5 12. exd5 Ne7 13. Bxf6 gxf6 14. g3 {[%emt 0:05:03] [#]} Rc8 $146 ({Predecessor:} 14... h5 15. Bh3 Bh6 16. Qf3 Nc8 17. O-O b5 18. Na5 Qxa5 19. Qxf6 Rg8 20. Qxh6 Qb4 {1-0 (59) Zelcic,R (2526)-Dreev,A (2671) Zagreb 2019}) 15. Ne3 Bh6 16. Ng4 Qa5+ 17. c3 Bg7 18. Ne3 Bh6 19. Ng4 Bg7 20. Ne3 Bh6 {[%emt 0:13:49] [#]} 21. Ng4 $11 (21. Bh3 $1 $16 ) 1/2-1/2

[Event "GER-ch Youth-U16 2022"]
[Site "Willingen"]
[Date "2022.06.08"]
[Round "6.1"]
[White "Bakiev, Diyor"]
[Black "Petrovskyi, Vadym"]
[Result "1/2-1/2"]
[ECO "B52"]
[WhiteElo "2157"]
[BlackElo "2330"]
[Annotator "TA"]
[PlyCount "62"]
[EventDate "2022.06.05"]
[EventType "swiss"]
[EventRounds "9"]
[EventCountry "GER"]
[SourceTitle "playchess.com"]
[Source "ChessBase"]
[SourceQuality "1"]
[TimeControl "40/4500+30:900+30"]

1. e4 c5 2. Nf3 d6 3. Bb5+ Bd7 4. c4 Nf6 5. Nc3 e5 6. Bxd7+ {[%emt 0:00:00] B52: Sicilian: Moscow Variation with 3...Bd7.} Qxd7 7. d3 Be7 8. Bg5 {[%emt 0:00:00] White has an edge.} Nc6 9. Bxf6 Bxf6 10. Nd5 Bd8 11. O-O O-O 12. a3 {[%emt 0:00:52] [#]} Kh8 $146 ({Predecessor:} 12... f5 13. b4 Bb6 14. exf5 Ne7 15. bxc5 Bxc5 16. d4 exd4 17. Nxe7+ Qxe7 18. Nxd4 Bxd4 19. Qxd4 Rxf5 {½-½ (30) Knudsen,S (2203)-Vanduyfhuys,D (2044) Wachtebeke 2022}) 13. b4 Bb6 14. b5 Ne7 15. Nxe7 Qxe7 16. Qd2 Qc7 17. Nh4 Ba5 18. Qg5 Bc3 19. Rab1 ({But not} 19. Nf5 f6 20. Qg4 Bxa1 21. Rxa1 Qd7 $17) 19... Bd4 20. Nf5 f6 21. Qd2 g6 22. Nxd4 cxd4 23. f4 f5 24. Rbe1 Rae8 25. h4 Qg7 26. h5 fxe4 27. Rxe4 gxh5 {[%emt 0:00:09] [#]} 28. Qe2 $1 Qg6 29. fxe5 Rxf1+ 30. Qxf1 {[%emt 0:01:34] And now exd6 would win.} dxe5 {[%emt 0:00:04] [#]} 31. Rxe5 Rxe5 {[%emt 0:00:03] Weighted Error Value: White=0.09 (flawless) /Black=0.11 (very precise)} 1/2-1/2

[Event "GER-ch Youth-U16 2022"]
[Site "Willingen"]
[Date "2022.06.08"]
[Round "6.2"]
[White "Laux, Dominik"]
[Black "Farokhi, Keyvan"]
[Result "1-0"]
[ECO "C50"]
[WhiteElo "2263"]
[BlackElo "2360"]
[Annotator "TA"]
[PlyCount "55"]
[EventDate "2022.06.05"]
[EventType "swiss"]
[EventRounds "9"]
[EventCountry "GER"]
[SourceTitle "playchess.com"]
[Source "ChessBase"]
[SourceQuality "1"]
[TimeControl "40/4500+30:900+30"]

1. e4 {[%emt 0:00:00] Vogel,Roven} e5 2. Nf3 Nc6 3. Bc4 Nf6 4. d3 Bc5 5. c3 d6 6. O-O a5 {[%emt 0:00:00] C54: Giuoco Piano: 4 c3 Nf6, main lines with 5 d4 and 5 d3.} 7. Nbd2 O-O 8. h3 h6 {[%emt 0:00:00] The position is equal. 8...h6 is better than 8...Be6.} 9. Re1 a4 10. Bb5 a3 11. b4 Ba7 {[%emt 0:00:10] [#]} 12. Nf1 $146 ({Predecessor:} 12. Qb3 Ne7 13. d4 c6 14. Bf1 Be6 15. Bc4 d5 16. exd5 cxd5 17. Bf1 e4 18. Ne5 {0-1 (46) Kacharava,N (2437)-Vogel,R (2456) Chess.com INT 2020 CBM 198 [Vogel,Roven]}) 12... Nh5 13. Nxe5 $2 Qh4 $17 14. Nf3 Bxf2+ (14... Qxf2+ $17 15. Kh2 Ne5) 15. Kh2 $1 $11 Qf6 {[%emt 0:00:55] Threatens to win with ...Ne5.} 16. Re2 $36 {[%emt 0:01:38][%cal Be1e2,Be2f2,Bf2f3][%mdl 2080] White has some pressure.} Bb6 (16... Qxc3 $2 17. Bd2 Qb2 18. Rxf2 $18) (16... Bd4 $11 17. cxd4 Nxd4 18. Nxd4 Qxd4 19. Bxh6 gxh6) 17. d4 $14 Re8 18. Qe1 Bd7 19. Bc4 Bxd4 20. cxd4 ({White should try} 20. Nxd4 $14 Nxd4 21. e5 Rxe5 22. cxd4 Rxe2 23. Qxe2 Qxd4 24. Rb1) 20... Nxd4 $11 21. Rf2 {[%emt 0:00:45] Nxd4 is the strong threat.} Nxf3+ (21... d5 $1 $11 22. Bxd5 Qd6+ 23. Kh1 Nxf3 24. Bxf7+ (24. Qd1 $2 {leads to mate.} Qh2+ 25. Nxh2 Ng3#) 24... Kxf7 25. Rxf3+ Kg8) 22. Rxf3 $16 {[%emt 0:00:14] Really sharp!} Qe5+ {[%emt 0:00:34] [#]} (22... Qxa1 $16 23. Bxf7+ Kh8) 23. Ng3 $1 $18 Nxg3 $2 (23... Be6) 24. Bxf7+ {[%emt 0:01:17] White is clearly winning.} Kh8 {[%emt 0:02:30] Hoping for ...Ne2+.} 25. Bf4 Qxe4 26. Bxe8 Rxe8 27. Bxg3 Qd4 28. Qc3 {[%emt 0:00:30] Weighted Error Value: White=0.18 (very precise) /Black=0.47} 1-0

[Event "GER-ch Youth-U16 2022"]
[Site "Willingen"]
[Date "2022.06.08"]
[Round "6.3"]
[White "Lutsko, Artem"]
[Black "Ohler, Julius"]
[Result "1-0"]
[ECO "B10"]
[WhiteElo "2392"]
[BlackElo "2011"]
[Annotator "TA"]
[PlyCount "67"]
[EventDate "2022.06.05"]
[EventType "swiss"]
[EventRounds "9"]
[EventCountry "GER"]
[SourceTitle "playchess.com"]
[Source "ChessBase"]
[SourceQuality "1"]
[TimeControl "40/4500+30:900+30"]

1. e4 c6 2. Nf3 d5 3. Nc3 dxe4 4. Nxe4 Nf6 5. Qe2 Nxe4 6. Qxe4 Nd7 {[%emt 0:00:00] B11: Caro-Kann: Two Knights Variation.} 7. Bc4 {[%emt 0:00:00] Threatens to win with Ng5.} Nf6 {[%emt 0:00:00] [#]} 8. Ne5 $1 e6 {[%emt 0:00:00] White is slightly better.} 9. Qe2 Be7 10. O-O O-O 11. Rd1 Qc7 12. d4 Rd8 13. Bf4 {[%emt 0:00:00] [#]} Nd5 $146 ({Predecessor:} 13... Bd6 14. Bg5 Be7 15. Rd3 Nd5 16. Bxe7 Qxe7 17. Rf3 f6 18. Nd3 Nb6 19. Nf4 Rxd4 20. Bxe6+ Bxe6 21. Nxe6 {1-0 (37) Mai,A (2042)-Stojkoski,A (2104) Struga 2021}) 14. Bg3 {[%emt 0:00:00][%cal Oe5f7] [#] Hoping for Nxf7!} Bd6 $1 15. Bd3 b5 16. a4 b4 17. a5 f6 18. Nc4 Bxg3 19. hxg3 Qf7 20. a6 Nc7 (20... g6 $142) 21. Qe4 {[%emt 0:01:03][%cal Oc4e5] Strongly threatening Ne5! 0x0.001e61f522addp-1022s more active pieces.} Bxa6 (21... g6 $16 {was called for.}) 22. Qxh7+ $18 Kf8 23. Na5 Bxd3 24. Rxd3 (24. cxd3 $6 Rd6 $16) 24... Nd5 25. Re1 (25. Nxc6 $18 {is more deadly.} Rdc8 26. Ra6) 25... Rac8 (25... Re8 $142) 26. Nb3 {[%emt 0:02:14] Nc5 is the strong threat.} Rd6 (26... g5 $16 27. Qh6+ Ke7) 27. Nc5 Re8 28. Rf3 Qg8 $2 (28... g5 29. Qh8+ Ke7) 29. Qe4 Qf7 30. g4 {[%emt 0:00:45] Black must now prevent g5.} e5 31. Rh3 {[%emt 0:08:46] And now Rh8+ would win.} (31. dxe5 Rxe5 32. Qxe5 fxe5 $16) 31... g6 (31... Qg8 $142 32. Nd3 Rde6) 32. Rh8+ ({Avoid the trap} 32. dxe5 $2 Rxe5 33. Qxe5 (33. Rh8+ $2 Kg7 $19) 33... fxe5 $19) 32... Kg7 33. Rxe8 Qxe8 34. f4 {[%emt 0:00:16] Weighted Error Value: White=0.15 (very precise) /Black=0.28 (precise)} ({Not} 34. dxe5 Qxe5 35. Qxe5 fxe5 $16) 1-0

[Event "GER-ch Youth-U16 2022"]
[Site "Willingen"]
[Date "2022.06.08"]
[Round "6.4"]
[White "Foerster-Yialamas, Lucas"]
[Black "Trushko, Andrii"]
[Result "1-0"]
[ECO "B12"]
[WhiteElo "2117"]
[BlackElo "1897"]
[Annotator "TA"]
[PlyCount "65"]
[EventDate "2022.06.05"]
[EventType "swiss"]
[EventRounds "9"]
[EventCountry "GER"]
[SourceTitle "playchess.com"]
[Source "ChessBase"]
[SourceQuality "1"]
[TimeControl "40/4500+30:900+30"]

1. e4 c6 2. d4 d5 3. e5 c5 4. dxc5 e6 5. a3 a5 (5... Nc6 $11) 6. Nc3 $14 {[%emt 0:00:00] B12: Caro-Kann: Advance Variation.} (6. Bb5+ $6 Bd7 7. Nc3 Bxc5 $11) 6... Bxc5 7. Qg4 {[%emt 0:00:00] [#]} g6 $146 ({Predecessor:} 7... Bf8 8. Nf3 Nh6 9. Bxh6 gxh6 10. Bd3 Nc6 11. O-O Bd7 12. Nb5 Qb6 13. c4 dxc4 14. Bxc4 {1-0 (27) Krivoborodov,E (2442)-Mufic,G (2305) Pardubice 2009}) 8. Bd3 {[%emt 0:00:00] White is better.} Nc6 9. Nf3 Bd7 10. Qf4 h5 11. Be3 (11. Ng5 $6 Nh6 $14) 11... Bxe3 (11... Be7 $16 {was called for.}) 12. fxe3 $18 Nce7 (12... Qb6 $142 13. Nb5 O-O-O 14. Nd6+ Kb8) 13. O-O-O (13. Ng5 $6 Nh6 $16) 13... Nf5 (13... Qb6 14. e4 (14. Ng5 Nh6) 14... Nh6) (13... Nh6 {was necessary.} 14. e4 Qb6) 14. e4 dxe4 15. Nxe4 ({Not} 15. Bxe4 Nge7 16. Bxf5 (16. Bxb7 Rb8 $11) 16... gxf5 $16) 15... Qe7 16. Nd4 Kf8 17. Nxf5 gxf5 18. Nd6 Rh7 19. Be2 ({Resist} 19. Nxb7 Bc6) 19... Bc6 20. Bf3 Qc7 21. Rhe1 Ne7 22. Qg5 h4 23. Rd4 Ng6 24. Qf6 {[%emt 0:01:51] Threatens to win with Bxc6.} Kg8 25. Rc4 {[%emt 0:04:29] White is much more active.} Ra6 (25... Rb8 $16 26. b3 Qe7 27. Bxc6 bxc6) 26. Rd1 Qe7 $2 {[%emt 0:01:18] [#]} (26... Ra8 27. h3 Rf8) 27. Nxb7 $1 {[%emt 0:01:39][%mdl 512] And now Rd8+ would win.} Qxb7 (27... Qxf6 28. exf6) 28. Rd8+ Nf8 29. Bxc6 (29. Qg5+ $142 Rg7 {[#]} 30. Rxf8+ $1 Kxf8 31. Qd8+ Be8 32. Bxb7 Rg8 33. Rc8 Kg7 34. Bxa6) 29... Rxc6 30. Rxc6 {[%emt 0:00:08] White mates.} Qxc6 31. Qe7 Kg7 32. Rxf8 Kg6 33. Rg8+ {[%emt 0:00:10] Weighted Error Value: White=0.15 (very precise) /Black=0.85} 1-0

[Event "GER-ch Youth-U16 2022"]
[Site "Willingen"]
[Date "2022.06.08"]
[Round "6.5"]
[White "Sidletskyi, Ivan"]
[Black "Rempe, Jonas"]
[Result "1-0"]
[ECO "E71"]
[WhiteElo "2084"]
[BlackElo "1856"]
[Annotator "TA"]
[PlyCount "65"]
[EventDate "2022.06.05"]
[EventType "swiss"]
[EventRounds "9"]
[EventCountry "GER"]
[SourceTitle "playchess.com"]
[Source "ChessBase"]
[SourceQuality "1"]
[TimeControl "40/4500+30:900+30"]

1. c4 Nf6 2. Nc3 g6 3. e4 d6 4. d4 Bg7 5. h3 O-O 6. Be3 Nbd7 7. g4 {[%emt 0:00:00] E71: King's Indian: 4 e4 d6 5 h3.} a6 8. Nge2 (8. Bg2) 8... c5 {[%emt 0:00:00][%cal Ob7b5] [#]} (8... b5 $5) 9. Ng3 $146 (9. Bg2 $14) ({Predecessor:} 9. d5 b5 10. cxb5 axb5 11. Ng3 b4 12. Nb5 Ba6 13. Bc4 Qa5 14. a4 bxa3+ 15. Bd2 {0-1 (33) Mikhailovsky,V (2228)-Sapunov,E (2461) Chess.com INT 2020}) 9... Qa5 10. Qd2 b5 11. cxb5 cxd4 12. Bxd4 Nc5 $1 13. Bxf6 (13. Rd1 $11) 13... Nb3 $2 {[%emt 0:18:45][%mdl 8192] Black cannot hold the game after this.} (13... Bxf6 $17 14. Nd5 Qxd2+ 15. Kxd2 Bxb2) 14. Qd1 $18 (14. Qd5 Be6 15. Qd1 Bxf6 16. axb3 Bxc3+ 17. Ke2 Bxb3 $11) 14... Bxf6 15. axb3 (15. Qxb3 $6 Be6 16. Bc4 Bxc3+ 17. bxc3 Rac8 $16) 15... Bxc3+ {[%emt 0:00:07] [#]} 16. Ke2 $1 ({Weaker is} 16. bxc3 Qxc3+ 17. Ke2 Bd7 $16) 16... Qxb5+ 17. Kf3 Qe5 18. bxc3 Qxc3+ 19. Kg2 Be6 20. Rc1 ({Don't take} 20. Rxa6 Bxb3 21. Qd3 Qxd3 22. Bxd3 Rxa6 $18) 20... Qxb3 21. Qxb3 Bxb3 22. Bc4 Rfb8 23. Rc3 Rc8 24. Rhc1 Rxc4 25. Rxc4 Bxc4 26. Rxc4 {[%emt 0:00:02][%mdl 4096] Endgame KRN-KR} a5 {[%emt 0:00:04] [#]} 27. Ra4 $1 e6 28. Nf1 Kg7 29. Ne3 Kf6 30. Nc4 d5 (30... Ke7 {was necessary.} 31. Rxa5 Rxa5 32. Nxa5 g5) 31. e5+ Kg5 32. f4+ ({Less strong is} 32. Rxa5 Rxa5 33. Nxa5 Kf4 $18) (32. Nxa5 Kh4 33. Ra1 h5 $18) 32... Kh4 $2 (32... Kh6 $18) 33. Nd2 {[%emt 0:00:20] Weighted Error Value: White=0.17 (very precise) /Black=0.62} 1-0

[Event "GER-ch Youth-U16 2022"]
[Site "Willingen"]
[Date "2022.06.08"]
[Round "6.6"]
[White "Jaskulski, Jan"]
[Black "Bui, Bao Anh Le"]
[Result "1/2-1/2"]
[ECO "B94"]
[WhiteElo "1727"]
[BlackElo "2127"]
[Annotator "TA"]
[PlyCount "47"]
[EventDate "2022.06.05"]
[EventType "swiss"]
[EventRounds "9"]
[EventCountry "GER"]
[SourceTitle "playchess.com"]
[Source "ChessBase"]
[SourceQuality "1"]
[TimeControl "40/4500+30:900+30"]

1. e4 c5 2. Nf3 d6 3. d4 cxd4 4. Nxd4 Nf6 5. Nc3 a6 6. Bg5 Nbd7 7. Bc4 {[%emt 0:00:00] 7.Qe2 is the recent fashion.} Qb6 {[%emt 0:00:00] B94: Sicilian Najdorf: 6 Bg5 Nbd7.} 8. Bb3 e6 9. Qd2 Be7 {[%emt 0:00:00] The position is equal.} 10. O-O-O Nc5 11. Rhe1 {[%emt 0:01:16][%cal Od4f5] [#] Hoping for Nf5!} Qc7 12. f4 {[%emt 0:10:22] And now e5 would win.} h6 13. Bxf6 Bxf6 14. Nf3 b5 15. Qxd6 Qxd6 16. Rxd6 {[%emt 0:00:03] [#]} Bxc3 $146 (16... Bb7 {is interesting.} 17. f5 Ke7 18. Rb6 Rab8) ({Predecessor:} 16... Bb7 17. e5 Be7 18. Rd4 Rc8 19. Nd1 g5 20. fxg5 {½-½ (20) Eggleston,D (2372)-Radovanovic,J (2325) Coulsdon 2008}) 17. bxc3 Bb7 {[%emt 0:00:33] Inhibits Rc6.} 18. e5 Rc8 (18... a5 $11) 19. Kb2 {[%emt 0:04:38] White is more active.} (19. Nd4 $14) 19... Ke7 20. Red1 g6 (20... Bxf3 $5 21. gxf3 Rb8 $11) 21. R1d4 Bc6 22. Rd1 ({White should play} 22. c4 $11) 22... Ne4 $1 $15 23. R6d4 Nxc3 $1 24. Re1 {[%emt 0:05:03] Weighted Error Value: White=0.17 (very precise) /Black=0.11 (very precise)} (24. R1d2 $1 $15) 1/2-1/2

[Event "GER-ch Youth-U16 2022"]
[Site "Willingen"]
[Date "2022.06.08"]
[Round "6.7"]
[White "Stork, Christopher"]
[Black "Metzdorf, Matteo"]
[Result "1/2-1/2"]
[ECO "B43"]
[WhiteElo "1994"]
[BlackElo "2009"]
[Annotator "TA"]
[PlyCount "59"]
[EventDate "2022.06.05"]
[EventType "swiss"]
[EventRounds "9"]
[EventCountry "GER"]
[SourceTitle "playchess.com"]
[Source "ChessBase"]
[SourceQuality "1"]
[TimeControl "40/4500+30:900+30"]

1. e4 c5 2. Nf3 e6 3. d4 cxd4 4. Nxd4 a6 5. Nc3 Qc7 6. Qd3 {[%emt 0:00:00] B43: Sicilian: Kan Variation: 5 Nc3.} Nf6 7. Qg3 d6 8. Bd3 {[%emt 0:00:00] White has an edge. has lost popularity (8.Be3).} Nbd7 9. O-O g6 {[%emt 0:06:45] [#]} 10. Be3 $146 ({Predecessor:} 10. Nb3 Bg7 11. Bd2 O-O 12. Qh4 Re8 13. f4 b5 14. a3 Bb7 15. Rae1 d5 16. exd5 Nxd5 {½-½ (65) Nordenbaek,J (2238)-Laursen,N (2247) Svendborg 2020}) 10... b5 11. f3 b4 12. Nce2 e5 13. Nb3 d5 14. Bg5 Bg7 15. exd5 Nxd5 16. Rad1 {[%emt 0:01:47] [#] And now Be4 would win.} Bb7 17. Be4 N7b6 18. Qf2 Rc8 (18... f5 $11) 19. c4 $14 bxc3 ({Weaker is} 19... Qxc4 20. Na5 Qc7 21. Nxb7 Qxb7 {[#]} 22. Rxd5 $1 Nxd5 23. Rd1 $16) 20. Nxc3 (20. Rc1 $1 $14 O-O 21. Nxc3) 20... Nxc3 $11 21. bxc3 (21. Rc1 $1 $11 Nba4 22. Bxb7 Qxb7 23. bxc3) 21... O-O 22. Bxb7 Qxb7 23. Nc5 Qc6 24. Nxa6 Na4 25. Nb4 Qb5 (25... Qe6 $142) 26. Nd5 $1 {[%emt 0:01:35] Strongly threatening Ne7+.} ({Reject} 26. Rd5 Qc4 27. Bd2 Rfd8 28. Rxd8+ Rxd8 $17) 26... Nxc3 27. Nxc3 ({Better is} 27. Ne7+ $11 Kh8 28. Nxc8 Nxd1 29. Nd6 (29. Rxd1 Rxc8 30. Qd2 Ra8 $11) 29... Nxf2 30. Nxb5) 27... Rxc3 $15 28. Rd2 ({White must play} 28. Qd2 $1 $15 Qc5+ 29. Qf2) 28... h6 (28... e4 $1 $17 29. Be3 exf3 30. gxf3 Re8) 29. Be3 Rfc8 30. Rfd1 {[%emt 0:01:59] Weighted Error Value: White=0.20 (precise) /Black=0.17 (very precise)} 1/2-1/2

[Event "GER-ch Youth-U16 2022"]
[Site "Willingen"]
[Date "2022.06.08"]
[Round "6.8"]
[White "Mimkes, Antal"]
[Black "Hommer, Jeremy"]
[Result "0-1"]
[ECO "C02"]
[WhiteElo "1696"]
[BlackElo "2152"]
[Annotator "TA"]
[PlyCount "92"]
[EventDate "2022.06.05"]
[EventType "swiss"]
[EventRounds "9"]
[EventCountry "GER"]
[SourceTitle "playchess.com"]
[Source "ChessBase"]
[SourceQuality "1"]
[TimeControl "40/4500+30:900+30"]

1. e4 e6 2. d4 d5 3. e5 c5 4. c3 Nc6 5. Nf3 Bd7 6. a3 c4 7. Be2 Na5 8. Nbd2 {[%emt 0:00:00] C02: French: Advance Variation.} Qc7 9. O-O h6 10. Ne1 {[%emt 0:00:00] [#] The position is equal.} O-O-O $146 ({Predecessor:} 10... Ne7 11. g3 O-O-O 12. Ng2 f5 13. f4 g5 14. Rb1 Kb8 15. Qe1 Ba4 16. Bd1 Bxd1 17. Qxd1 {0-1 (58) Borcsok,L (2180)-Kecskes,G (2165) Hungary 1996}) 11. a4 Ne7 12. b4 cxb3 $1 13. Nxb3 Nec6 14. Nd3 Nxb3 15. Qxb3 Na5 16. Qc2 Kb8 17. Nb2 ({Better is} 17. Ba3 $11) 17... Rc8 $15 18. Bd2 Be7 19. Rfc1 Rhd8 20. Qd1 Bc6 21. c4 Nxc4 22. Nxc4 dxc4 23. Rxc4 Qd7 24. Bb4 (24. Rac1 $11) 24... Bd5 25. Rxc8+ Rxc8 26. Bd2 Bc4 27. Be3 $1 Bxe2 28. Qxe2 Bb4 29. h3 a5 (29... Bc3 $5 30. Ra3 Qd5 $11) 30. Ra2 (30. Qf3 $11) 30... Qd5 (30... g6 $15 {should be considered.}) 31. Rc2 Rxc2 (31... Rc7 {is more complex.} 32. Qd3 Kc8 33. Kh2 Rxc2 34. Qxc2+ Kd8) 32. Qxc2 $11 {[%emt 0:00:10][%mdl 4096] Endgame KQB-KQB} Qd7 33. Kh2 h5 34. h4 g6 35. Kg3 (35. Qe4 $11) 35... b5 36. Qd3 $2 (36. axb5 $15 Qxb5 37. Qb1) 36... bxa4 $19 37. Qa6 Qb7 38. Qc4 a3 {[%emt 0:00:39] [#] White must now prevent ...Qd5.} 39. Bf4 Ka7 40. Be3 Kb8 41. Bf4 $1 Qd5 42. Qxd5 exd5 43. e6+ Kb7 {[%emt 0:00:00] [#] ...a2 is the strong threat.} 44. exf7 a2 {[%emt 0:00:10] Black mates.} 45. Bd2 Bd6+ 46. Bf4 Bf8 {[%emt 0:00:11] Weighted Error Value: White=0.64/Black=0.28 (precise)} 0-1

[Event "GER-ch Youth-U16 2022"]
[Site "Willingen"]
[Date "2022.06.08"]
[Round "6.9"]
[White "Bungarten, Jona"]
[Black "Kort, Felix"]
[Result "0-1"]
[ECO "C54"]
[WhiteElo "1843"]
[BlackElo "1894"]
[Annotator "NA RC COMBH"]
[PlyCount "80"]
[EventDate "2022.06.05"]
[EventType "swiss"]
[EventRounds "9"]
[EventCountry "GER"]
[SourceTitle "playchess.com"]
[Source "ChessBase"]
[SourceQuality "1"]
[TimeControl "40/4500+30:900+30"]

1. e4 e5 2. Nf3 Nc6 3. Bc4 Bc5 4. c3 Nf6 5. d4 exd4 6. cxd4 Bb4+ 7. Nc3 Nxe4 8. O-O Bxc3 9. d5 Bf6 10. Re1 Ne7 11. Rxe4 d6 12. Bg5 Bxg5 13. Nxg5 h6 14. Qe2 hxg5 15. Re1 Be6 16. h3 Rh6 17. dxe6 f6 18. Rg4 c6 19. b4 d5 20. Bd3 Qd6 21. a4 O-O-O 22. Qb2 Kb8 23. Qd4 Rdh8 24. f4 Rh5 25. fxg5 f5 26. Rf4 Rxg5 27. h4 Rgh5 28. a5 R8h6 29. Ref1 Qxe6 30. a6 Qf6 31. Qe3 Rxh4 32. Rxh4 Rxh4 33. Re1 Nc8 34. axb7 Kxb7 35. Rd1 Qh6 36. Ba6+ Kxa6 37. Ra1+ Kb7 38. Rxa7+ Nxa7 39. Qe7+ Ka6 40. b5+ Nxb5 0-1

[Event "GER-ch Youth-U16 2022"]
[Site "Willingen"]
[Date "2022.06.08"]
[Round "6.10"]
[White "Albert, Markus"]
[Black "Chassard, Cedric"]
[Result "1-0"]
[ECO "B23"]
[WhiteElo "2053"]
[BlackElo "2051"]
[Annotator "TA"]
[PlyCount "83"]
[EventDate "2022.06.05"]
[EventType "swiss"]
[EventRounds "9"]
[EventCountry "GER"]
[SourceTitle "playchess.com"]
[Source "ChessBase"]
[SourceQuality "1"]
[TimeControl "40/4500+30:900+30"]

1. e4 c5 2. Nc3 d6 3. d4 cxd4 4. Qxd4 Nf6 5. b3 a6 6. Bb2 {[%emt 0:00:00] B23: Closed Sicilian: Lines without g3.} e5 7. Qd2 Be6 (7... Be7 $11) 8. O-O-O $14 {[%emt 0:00:00] White is slightly better.} Be7 9. f3 Nbd7 10. Kb1 {[%emt 0:00:00] [#]} h5 $146 {[%emt 0:05:58] Inhibits g4.} ({Predecessor:} 10... b5 11. g4 Nb6 12. Ba3 O-O 13. Nge2 d5 14. Bxe7 Qxe7 15. g5 Nh5 16. Nxd5 Nxd5 17. exd5 Bxd5 18. Qe3 Rad8 19. Bh3 f5 20. gxf6 Qxf6 21. Bg4 {½-½ (21) Tazbir,M (2529)-Krak,T (2317) Slovakia 2019}) 11. h4 b5 12. Nh3 Nb6 13. Ng5 Bd7 14. Be2 (14. Ba3 $5 ) 14... b4 {[%emt 0:09:56] [#]} ({Better is} 14... Rc8 $14) 15. Nd5 $1 $16 {[%emt 0:03:29] White is more active.} Nbxd5 16. exd5 Qb6 17. f4 Ng4 {[%emt 0:02:09][%mdl 8192] A mistake that costs the game.} (17... e4 $16) 18. fxe5 $18 dxe5 19. d6 Bf6 20. Bxg4 hxg4 21. Qd5 O-O 22. Qe4 g6 23. Rhf1 ({Less strong is} 23. Bxe5 Bf5 24. Qd4 (24. Qf4 Bxe5 25. Qxe5 Qc6 $15) 24... Qxd4 25. Bxd4 Bg7 $16) 23... Bc6 24. Qxg4 Qd8 {[%emt 0:02:25] [#]} 25. Nxf7 $1 Rxf7 26. Qxg6+ Rg7 27. Qxf6 Qxf6 28. Rxf6 Rf7 29. Bxe5 Re8 (29... Rxf6 $142 30. Bxf6 Kf7) 30. Rxf7 Kxf7 {[%emt 0:00:07][%mdl 4096] Endgame [#] KRB-KRB} 31. d7 $1 Rd8 (31... Bxd7 32. Rxd7+) 32. Bc7 Rxd7 33. Rxd7+ Bxd7 {[%emt 0:00:00] KB-KB} 34. Ba5 Kg6 35. Bxb4 Kh5 36. g3 Kg4 37. Bd6 Kf5 38. c4 Ke4 39. h5 {[%emt 0:00:30][%cal Bh4h5,Bh5h6][%mdl 32] h6 is the strong threat.} Kd3 40. Kb2 {[%emt 0:00:48] Hoping for c5.} a5 41. h6 Bf5 42. c5 {[%emt 0:00:42] Weighted Error Value: White=0.04 (flawless) /Black=0.48} 1-0

[Event "GER-ch Youth-U16 2022"]
[Site "Willingen"]
[Date "2022.06.08"]
[Round "6.11"]
[White "Heinrich, John"]
[Black "Bock, Marlon"]
[Result "1-0"]
[ECO "B34"]
[WhiteElo "2011"]
[BlackElo "1816"]
[Annotator "TA"]
[PlyCount "43"]
[EventDate "2022.06.05"]
[EventType "swiss"]
[EventRounds "9"]
[EventCountry "GER"]
[SourceTitle "playchess.com"]
[Source "ChessBase"]
[SourceQuality "1"]
[TimeControl "40/4500+30:900+30"]

1. e4 c5 2. Nf3 Nc6 3. d4 cxd4 4. Nxd4 Nf6 5. Nc3 e5 6. Ndb5 d6 7. Nd5 Nxd5 8. exd5 Nb8 9. Qf3 Nd7 {[%emt 0:00:01] B33: Sicilian: Pelikan and Sveshnikov Variations.} (9... a6 $11 10. Qa3 b6) 10. Qc3 $16 {[%emt 0:00:00] Threatens to win with Nc7+.} Nc5 11. Be3 {[%emt 0:00:00] [#] Strongly threatening Bxc5.} Na6 $146 (11... a6 $142) ({Predecessor:} 11... Be7 12. Bxc5 dxc5 13. Qxe5 O-O 14. O-O-O a6 15. Nc3 Bd6 16. Qh5 Qf6 17. Kb1 Qxf2 {½-½ (70) Rodriguez Redondo,A (2138)-Canavate Ros,A (1849) Salobrena 2021}) 12. Nxa7 {[%emt 0:00:00] White is much more active. The black rooks are badly placed.} Bd7 (12... Nc7 $16) 13. Bxa6 $18 bxa6 14. O-O ({Much less strong is} 14. Nc6 Qc7 $16) 14... Qb8 15. Nc6 $36 {[%emt 0:04:25][%mdl 2048] Black is under strong pressure.} Qb5 (15... Qb7 $16 {keeps fighting.}) 16. f4 ({Better is} 16. Rfd1 $18) 16... f6 {[%emt 0:13:38] [#]} (16... Qxd5 $14 17. Na7 Be7) 17. Qb3 ({Don't do} 17. fxe5 $6 dxe5 18. Rfd1 Rc8 $14) ({White should play} 17. Rfd1 $1 $18) 17... Bxc6 18. dxc6 Qxc6 19. Qe6+ Be7 20. fxe5 Qe4 $2 (20... Qc8 $16 {is more resistant.} 21. Qxc8+ Rxc8) 21. Rae1 {[%emt 0:01:31][%cal Oe3c5] Bc5! is the strong threat.} dxe5 (21... Qxe5 $142 22. Qg4 Rg8) 22. Qxe7+ {[%emt 0:00:11] Weighted Error Value: White=0.25 (precise) /Black=0.81} 1-0